 Dungeon Crawl Stone Soup version 0.22.1-1-ga44c0e56f4 (webtiles) character file.

4277 Apachew the Covert (level 10, -4/63 HPs)
             Began as a Vampire Enchanter on Oct 31, 2018.
             Was a Priest of Kikubaaqudgha.
             Slain by a yak (15 damage)
             ... on level 9 of the Dungeon.
             The game lasted 00:35:43 (9348 turns).

Apachew the Covert (Vampire Enchanter)              Turns: 9348, Time: 00:35:43

Health: -4/63      AC:  5    Str:  7    XL:     10   Next: 10%
Magic:  1/16       EV: 13    Int: 24    God:    Kikubaaqudgha [***...]
Gold:   151        SH:  0    Dex: 15    Spells: 8/17 levels left

rFire    + . .     SeeInvis +   a - +1 dagger (venom)
rCold    x . .     Gourm    .   (no shield)
rNeg     + . .     Faith    .   I - +0 robe
rPois    .         Spirit   .   (no helmet)
rElec    .         Reflect  .   r - +0 cloak
rCorr    .         Harm     .   z - +0 pair of gloves
MR       +....                  F - +0 pair of boots
Stlth    ++++++....             (no amulet)
HPRegen  0.20/turn              H - ring of Runty {Fire Int+3}
MPRegen  0.15/turn              v - ring of stealth

@: no status effects
A: fangs 3, see invisible, unbreathing
a: Bat Form, Receive Corpses, Renounce Religion


You were on level 9 of the Dungeon.
You worshipped Kikubaaqudgha.
Kikubaaqudgha was most pleased with you.
You were not thirsty.

You visited 2 branches of the dungeon, and saw 10 of its levels.
You also visited: Sewer and Ossuary.

You collected 449 gold pieces.
You spent 298 gold pieces at shops.

Inventory:

Hand Weapons
 a - a +1 dagger of venom (weapon)
 b - a +3 long sword
 x - a +0 rapier
Armour
 r - a +0 cloak (worn)
 z - a +0 pair of gloves (worn)
 F - a +0 pair of boots (worn)
 I - a +0 robe (worn)
Jewellery
 j - a +3 ring of strength
 v - a ring of stealth (right hand)
 H - the ring of Runty (left hand) {Fire Int+3}
   (You found it on level 7 of the Dungeon)

   [ring of fire]

   It enhances your fire magic.
   It affects your intelligence (+3).
   It protects you from fire.
   It makes you vulnerable to cold.
Wands
 p - a wand of enslavement (18)
 J - a wand of iceblast (11)
Scrolls
 e - 2 scrolls of noise {unknown}
 g - 8 scrolls of amnesia
 h - 8 scrolls of identify
 i - 5 scrolls of teleportation
 m - 3 scrolls of enchant armour {unknown}
 n - 4 scrolls of remove curse {unknown}
 o - 2 scrolls of blinking
 q - 2 scrolls of immolation {unknown}
 s - 2 scrolls of magic mapping {unknown}
 t - 2 scrolls of fog {unknown}
 y - a scroll of fear {unknown}
 C - 2 scrolls of enchant weapon {unknown}
 D - a scroll of random uselessness {unknown}
Potions
 c - 6 potions of curing
 d - 8 potions of blood
 f - 7 potions of heal wounds
 k - a potion of lignification {unknown}
 l - 3 potions of berserk rage {unknown}
 u - 2 potions of brilliance {unknown}
 w - a potion of cancellation
 A - 3 potions of haste {unknown}
 B - 2 potions of might {unknown}
 E - 2 potions of invisibility {unknown}
 G - a potion of magic {unknown}
 K - 2 potions of flight


   Skills:
 + Level 8.0 Short Blades
 - Level 2.1 Dodging
 + Level 11.2 Stealth
 - Level 4.0 Spellcasting
 + Level 10.6 Hexes
 + Level 6.5 Necromancy
 - Level 4.0 Ice Magic


You had 8 spell levels left.
You knew the following spells:

 Your Spells              Type           Power        Failure   Level  Hunger
d - Animate Dead          Necr           N/A          7%          4    ####...
e - Confuse               Hex            ######..     1%          3    ##.....
w - Ensorcelled Hibernat  Hex/Ice        #####.       1%          2    #......

Your spell library contained the following spells:

 Spells                   Type           Power        Failure   Level  Hunger
 Corona                   Hex            ######.      1%          1    None
 Pain                     Necr           ####         1%          1    None
 Corpse Rot               Necr           N/A          1%          2    #......
 Sublimation of Blood     Necr           #####.....   1%          2    #......
 Tukima's Dance           Hex            ######..     1%          3    ##.....
 Vampiric Draining        Necr           #####.....   1%          3    ##.....
 Dazzling Spray           Conj/Hex       ####..       3%          3    ##.....
 Inner Flame              Hex/Fire       #####...     3%          3    ##.....
 Apportation              Tloc           #.....       10%         1    None
 Beastly Appendage        Tmut           #.....       10%         1    None
 Flame Tongue             Conj/Fire      #....        10%         1    None
 Shock                    Conj/Air       #...         10%         1    None
 Summon Butterflies       Summ           #.......     10%         1    None
 Sticks to Snakes         Tmut           #.......     14%         2    #......
 Swiftness                Chrm/Air       #.......     14%         2    #......
 Throw Flame              Conj/Fire      #.....       14%         2    #......
 Dispel Undead            Necr           #####...     19%         5    ######.
 Invisibility             Hex            ######..     19%         6    #######
 Conjure Flame            Conj/Fire      #.......     28%         3    ##.....
 Lesser Beckoning         Tloc           #.........   28%         3    ##.....
 Spider Form              Tmut/Pois      #.........   28%         3    ##.....
 Static Discharge         Conj/Air       #.......     28%         3    ##.....
 Ice Form                 Ice/Tmut       ##......     38%         4    ####...
 Borgnjor's Vile Clutch   Necr/Erth      ###.......   56%         5    ######.
 Excruciating Wounds      Chrm/Necr      ###.......   56%         5    ######.
 Airstrike                Air            #.........   67%         4    ####...
 Sticky Flame             Conj/Fire      #.......     67%         4    ####...
 Death Channel            Necr           #####.....   71%         6    #######
 Alistair's Intoxication  Tmut/Pois      #.......     95%         5    ######.
 Blade Hands              Tmut           #.........   95%         5    ######.
 Fireball                 Conj/Fire      #.........   95%         5    ######.
 Lightning Bolt           Conj/Air       #.........   95%         5    ######.


Dungeon Overview and Level Annotations

Branches:
Dungeon (9/15)             Temple (1/1) D:7
   Lair: D:8-11         Orc: D:9-12

Altars:
Ashenzari
Cheibriados
Dithmenos
Elyvilon
Fedhas
Gozag
Hepliaklqana
Kikubaaqudgha
Makhleb
Nemelex Xobeh
Okawaru
Qazlal
Ru
Sif Muna
Trog
Uskayaw
Vehumet
Wu Jian
Xom
Yredelemnul
Zin
The Shining One

Shops:
D:5 ::**}   D:7 !


Innate Abilities, Weirdness & Mutations

You have razor-sharp teeth.
You have supernaturally acute eyesight. (SInv)
You can survive without breathing.


Message History

The yak is lightly wounded.
The yak gores you!
You hit the yak.
The yak looks as sick as possible!
The yak is lightly wounded.
You hit the yak but do no damage.
The yak looks as sick as possible!
The yak is moderately wounded.
The yak gores you. The yak closely misses you. The yak completely misses you.
You hit the yak.
The yak is lightly wounded.
The yak gores you!
* * * LOW HITPOINT WARNING * * *
You hit the yak.
The yak is poisoned.
The yak is lightly wounded.
You hit the yak.
The yak looks as sick as possible!
The yak is moderately wounded.
The yak gores you!
You die...
Kikubaaqudgha rasps: "You have failed me!
Welcome... oblivion!"

.# .. #. #. #.
#.#################
#....†.............
#Y@Y.†........####.
#.###..######.# #.
#. #..# #.# #. ..
#..# #.# #. #..
#).# #.# #. #..
#..# #.# #. #..
#.!# #.# #. #..
#..# #.# #. #..#
#.# #.


You could see 2 yaks.

Vanquished Creatures
  3 yaks (D:9)
  Eustachio (D:4)
  Grum (D:8)
  A water moccasin (D:6)
  Duvessa (D:6)
  5 sky beasts
  An ice beast (D:8)
  A black bear (D:6)
  A necrophage (D:6)
  An ogre (D:4)
  A phantom (D:6)
  4 wolves (D:8)
  The ghost of Chidaruma the Chopper, an amateur DsGl (D:3)
  An elf zombie (Ossuary)
  5 bullfrogs
  Dowan (D:6)
  3 scorpions
  5 wights
  4 killer bees (D:8)
  A howler monkey (D:8)
  A centaur zombie (D:6)
  A crimson imp (D:6)
  3 hounds
  A human zombie (Ossuary)
  A bullfrog skeleton (D:8)
  An orc priest (D:6)
  7 orc wizards
  Jessica (D:2)
  2 iguanas
  6 worker ants
  A killer bee zombie (D:8)
  2 mummies (Ossuary)
  15 adders
  A river rat (Sewer)
  A shadow imp (D:9)
  3 adder zombies (Ossuary)
  2 worms
  A dart slug (D:1)
  10 leopard geckos
  30 orcs
  10 giant cockroaches
  3 goblins (D:2)
  4 hobgoblins
  4 jackals (D:8)
  3 quokkas
  8 ball pythons
  8 bats
  9 frilled lizards
  A goblin zombie (Ossuary)
  13 hobgoblin zombies (Ossuary)
  A jackal zombie (Ossuary)
  5 kobolds
  7 kobold zombies (Ossuary)
  8 orc zombies (Ossuary)
  8 rats
  A rat zombie (Ossuary)
225 creatures vanquished.

Vanquished Creatures (collateral kills)
  2 killer bees (D:8)
2 creatures vanquished.

Vanquished Creatures (others)
  A bat (D:1)
1 creature vanquished.

Grand Total: 228 creatures vanquished

Notes
Turn   | Place    | Note
-------+----------+-------------------------------------------
     0 | D:1      | Apachew the Vampire Enchanter began the quest for the Orb.
     0 | D:1      | Reached XP level 1. HP: 13/13 MP: 3/3
   473 | D:1      | Reached XP level 2. HP: 12/19 MP: 3/5
  1168 | D:2      | Learned a level 2 spell: Ensorcelled Hibernation
  1255 | D:2      | Noticed Jessica
  1264 | D:2      | Killed Jessica
  1264 | D:2      | Reached XP level 3. HP: 24/24 MP: 3/6
  1333 | D:2      | Reached skill level 5 in Stealth
  1716 | D:3      | Reached skill level 5 in Hexes
  1716 | D:3      | Reached XP level 4. HP: 30/30 MP: 4/7
  1878 | D:3      | Found a large runed door.
  1881 | D:3      | Found a large runed door.
  1954 | D:3      | Found a glowing drain.
  2055 | Sewer    | Entered a sewer
  2562 | Sewer    | Reached XP level 5. HP: 35/35 MP: 9/9
  3507 | D:3      | Reached skill level 6 in Stealth
  3625 | D:3      | Noticed Chidaruma's ghost (amateur DsGl)
  3631 | D:3      | Learned a level 3 spell: Confuse
  3645 | D:3      | Killed Chidaruma's ghost
  3645 | D:3      | Reached XP level 6. HP: 40/41 MP: 7/10
  3761 | D:4      | Found a snail-covered altar of Cheibriados.
  3786 | D:4      | Found an iron altar of Okawaru.
  3838 | D:4      | Found an ancient bone altar of Kikubaaqudgha.
  3853 | D:4      | Became a worshipper of Kikubaaqudgha
  3961 | D:4      | Reached skill level 1 in Necromancy
  3966 | D:4      | Reached skill level 1 in Ice Magic
  3996 | D:4      | Reached XP level 7. HP: 21/46 MP: 7/12
  4095 | D:4      | Noticed Eustachio
  4100 | D:4      | Killed Eustachio
  4100 | D:4      | Reached skill level 7 in Stealth
  4148 | D:5      | Entered Level 5 of the Dungeon
  4187 | D:5      | Found Wifar's Gadget Shop.
  4237 | D:5      | Found Evaatunaff's General Store.
  4243 | D:5      | Bought a scroll of identify for 28 gold pieces
  4243 | D:5      | Bought a potion of curing for 42 gold pieces
  4275 | D:5      | Found a sand-covered staircase.
  4284 | Ossuary  | Entered an ossuary
  4557 | Ossuary  | Reached * piety under Kikubaaqudgha
  4557 | Ossuary  | Identified Kikubaaqudgha's Guide on Black Rites
                  | (Kikubaaqudgha gifted it to you in an ossuary)
  4557 | Ossuary  | Received a gift from Kikubaaqudgha
  5405 | D:5      | Found Cavvimp's Assorted Antiques.
  5411 | D:5      | Bought a scroll labeled UDWAWKE ERERU for 27 gold pieces
  5411 | D:5      | Bought a scroll labeled WEMEDAMMA KYQUO for 27 gold pieces
  5411 | D:5      | Bought a scroll labeled AFATHEY IDGHISI for 27 gold pieces
  5411 | D:5      | Bought 2 coppery potions for 48 gold pieces
  5426 | D:5      | Found Tiris's Book Shop.
  5449 | D:5      | Found Kugh's Book Shop.
  5837 | D:6      | Reached skill level 5 in Short Blades
  5846 | D:6      | Reached XP level 8. HP: 52/52 MP: 14/14
  5869 | D:6      | Reached skill level 8 in Stealth
  5999 | D:6      | Reached ** piety under Kikubaaqudgha
  6041 | D:6      | Noticed Dowan
  6041 | D:6      | Noticed Duvessa
  6069 | D:6      | Killed Duvessa
  6077 | D:6      | Killed Dowan
  6164 | D:6      | Found a shadowy altar of Dithmenos.
  6167 | D:6      | Reached skill level 9 in Stealth
  6462 | D:6      | Reached XP level 9. HP: 57/57 MP: 9/15
  7139 | D:7      | Got a scorched glass ring
  7493 | D:7      | Found a staircase to the Ecumenical Temple.
  7499 | Temple   | Entered the Ecumenical Temple
  7795 | D:7      | Found Goutut's Distillery.
  7798 | D:7      | Bought a potion of degeneration for 11 gold pieces
  7798 | D:7      | Bought a potion of flight for 33 gold pieces
  7798 | D:7      | Bought a potion of heal wounds for 55 gold pieces
  7821 | D:7      | Reached skill level 5 in Necromancy
  8220 | D:8      | Reached skill level 10 in Stealth
  8364 | D:8      | Identified the ring of Runty {Fire Int+3} (You found it on
                  | level 7 of the Dungeon)
  8460 | D:8      | Found a glowing silver altar of Zin.
  8460 | D:8      | Found a burning altar of Makhleb.
  8461 | D:8      | Noticed a blizzard demon
  8461 | D:8      | Noticed an angel
  8496 | D:8      | Reached *** piety under Kikubaaqudgha
  8496 | D:8      | Identified Kikubaaqudgha's Collected Works on Unholy Rites
                  | (Kikubaaqudgha gifted it to you on level 8 of the Dungeon)
  8496 | D:8      | Received a gift from Kikubaaqudgha
  8512 | D:8      | Learned a level 4 spell: Animate Dead
  8519 | D:8      | Noticed Grum
  8538 | D:8      | Killed Grum
  8544 | D:8      | Reached skill level 10 in Hexes
  9189 | D:9      | Reached skill level 11 in Stealth
  9327 | D:9      | Reached XP level 10. HP: 46/63 MP: 11/16
  9348 | D:9      | Slain by a yak

Skill      XL: |  1  2  3  4  5  6  7  8  9 10 |
---------------+-------------------------------+-----
Short Blades   | 2 3 4 5 6 7 8 |  8.0
Stealth        | 5 6 7 9 11 | 11.2
Hexes          | 5 6 7 8 10 | 10.6
Spellcasting   | 3 4 |  4.0
Necromancy     | 1 2 4 6 |  6.5
Ice Magic      | 1 2 4 |  4.0
Dodging        | |  2.1

Action                   |  1- 3 |  4- 6 |  7- 9 | 10-12 || total
-------------------------+-------+-------+-------+-------++-------
Melee: Dagger            |   103 |   182 |   444 |    15 ||   744
       Bite              |     5 |    11 |    34 |     1 ||    51
       Long sword        |       |       |     1 |       ||     1
 Cast: Corona            |    20 |     1 |     2 |       ||    23
       Ensorcelled Hiber |     2 |    35 |    24 |       ||    61
       Confuse           |       |     1 |    35 |     4 ||    40
       Animate Dead      |       |       |     3 |       ||     3
 Abil: End Transformatio |       |     1 |       |       ||     1
       Bat Form          |       |     1 |       |       ||     1
  Use: Potion            |       |     3 |    17 |       ||    20
       Scroll            |       |     3 |     2 |       ||     5
 Stab: Sleeping          |    10 |    33 |    48 |       ||    91
       Confused          |       |     2 |    16 |     3 ||    21
       Distracted        |       |       |     3 |       ||     3
Armor: Robe              |    61 |    27 |    54 |       ||   142
Dodge: Dodged            |    97 |    77 |   199 |     5 ||   378
       Rpst.: Long sword |       |       |     1 |       ||     1
